Map: Ruins of Endion

Players

Pokebunny - Winner!

  • Race: Terran Terran
  • League: Grandmaster

FrisK

  • Race: Protoss Protoss
  • League: Master

VOD

Have the link to the VOD?

Description

Time

  • Played on: April 4, 2016, 2:55 p.m.
  • Length: 8:46
Show
View Real Time Build Order
Export as new Build Order

Pokebunny Terran - Winner!

Build Orders: Reaper Expand, MMM Bio 

Get SALT Encoding   

  12  0:00  SCV  
  13  0:13  SCV  
  14  0:18  Supply Depot  
  14  0:25  SCV  
  15  0:39  SCV  
  15  0:41  Barracks  
  16  0:45  Refinery  
  16  0:52  SCV  
  17  1:04  SCV  
  18  1:16  SCV  
  19  1:28  Orbital Command  
  19  1:29  Reaper  
  20  1:39  Command Center  
  20  1:47  Supply Depot  
  20  1:54  SCV  
  21  2:01  Marine  
  21  2:06  SCV  
  23  2:09  Factory  
  23  2:13  Refinery  
  23  2:18  SCV  
  23  2:19  Marine  
  25  2:30  SCV  
  26  2:40  Marine  
  26  2:42  SCV  
  28  2:52  Orbital Command  
  28  2:53  Hellion, Starport  
  30  2:58  Barracks Reactor  
  30  3:02  SCV  
  30  3:03  Barracks  
  31  3:16  Widow Mine  
  33  3:20  SCV x2  
  33  3:23  Refinery  
  35  3:27  Barracks  
  35  3:29  Supply Depot  
  35  3:32  Medivac  
  37  3:38  Marine x2  
  39  3:43  SCV  
  39  3:45  SCV  
  41  3:50  Factory Tech Lab  
  41  3:51  Barracks Tech Lab  
  41  3:56  SCV  
  41  3:57  SCV  
  41  4:01  Supply Depot, Marine x2  
  48  4:10  Siege Tank  
  48  4:12  Combat Shields  
  48  4:13  Starport Reactor  
  48  4:17  Barracks Reactor  
  48  4:34  Marine x3  
  48  4:38  SCV x2  
  52  4:39  Engineering Bay, Supply Depot  
  53  4:46  Siege Tank  
  56  5:01  Marine x5  
  60  5:09  Missile Turret  
  60  5:11  Missile Turret  
  57  5:29  Marine x4  
  57  5:30  Siege Tank, Medivac  
  57  5:33  Medivac, SCV  
  57  5:34  SCV  
  70  5:41  Supply Depot  
  70  5:44  Supply Depot  
  70  5:46  Terran Infantry Weapons Level 1  
  70  5:55  Stimpack  
  70  6:02  Marine x5, Supply Depot  
  70  6:03  SCV x2  
  74  6:20  Marine x4, Medivac  
  77  6:41  Marine x2  
  77  6:42  Marine x2  
  77  6:44  Siege Tank  
  84  6:50  Command Center  
  84  6:53  Barracks, Supply Depot  
  84  6:54  Supply Depot  
  84  6:55  Barracks  
  83  7:10  Marine x2  
  83  7:11  Marine x2, Marauder  
  78  7:28  Marine x3  
  78  7:29  Marine  
  75  7:32  Marine  
  76  7:37  SCV  
  76  7:38  SCV  
  76  7:39  Refinery  
  78  7:46  Marine  
  78  7:50  Marine x3, Barracks Tech Lab x2  
  78  7:51  Marauder  
  84  7:52  Siege Tank, Medivac  
  89  8:04  Marine  
  82  8:14  Marine x3, Marauder  
  82  8:15  Marauder x2  
  90  8:22  Marine  
Show
View Real Time Build Order
Export as new Build Order

FrisK Protoss 

Build Orders: 1 Gate Expand, Oracle Opening 

Get SALT Encoding   

  12  0:01  Probe (Chrono Boost)  
  13  0:14  Probe (Chrono Boost)  
  14  0:18  Pylon  
  14  0:24  Probe (Chrono Boost)  
  15  0:36  Probe (Chrono Boost)  
  15  0:40  Gateway  
  16  0:47  Assimilator, Probe (Chrono Boost)  
  17  0:57  Probe (Chrono Boost)  
  18  1:08  Probe (Chrono Boost)  
  19  1:21  Nexus  
  19  1:25  Probe (Chrono Boost)  
  20  1:35  Cybernetics Core  
  20  1:38  Probe (Chrono Boost)  
  21  1:43  Assimilator  
  21  1:49  Probe (Chrono Boost)  
  21  1:53  Pylon  
  22  1:59  Probe (Chrono Boost)  
  22  2:09  Probe (Chrono Boost)  
  22  2:11  Adept (Chrono Boost)  
  22  2:14  Warp Gate  
  25  2:21  Probe  
  26  2:32  Probe  
  26  2:33  Probe  
  26  2:35  Adept (Chrono Boost)  
  30  2:42  Probe  
  31  2:44  Stargate  
  31  2:45  Probe  
  32  2:53  Probe  
  32  2:57  Probe  
  34  2:59  Adept (Chrono Boost)  
  34  3:03  Probe  
  37  3:10  Probe  
  38  3:14  Probe  
  39  3:22  Probe  
  39  3:23  Mothership Core  
  42  3:28  Oracle (Chrono Boost), Pylon  
  42  3:34  Probe  
  46  3:45  Probe  
  46  3:46  Probe  
  48  3:53  Pylon  
  48  3:55  Probe, Robotics Facility  
  48  3:56  Gateway  
  48  3:58  Probe  
  48  4:00  Gateway  
  50  4:05  Pylon  
  50  4:06  Probe  
  50  4:08  Phoenix (Chrono Boost)  
  53  4:11  Probe  
  53  4:16  Probe  
  54  4:23  Probe  
  56  4:27  Probe  
  56  4:29  Adept  
  59  4:35  Probe  
  59  4:37  Probe  
  60  4:41  Nexus  
  60  4:44  Observer  
  62  4:47  Probe  
  62  4:48  Probe  
  64  4:59  Adept x2, Probe  
  69  5:00  Probe  
  70  5:11  Assimilator x2  
  70  5:12  Pylon  
  70  5:13  Pylon  
  70  5:22  Probe  
  70  5:24  Probe  
  67  5:31  Observer  
  67  5:32  Probe  
  69  5:36  Probe  
  69  5:41  Forge  
  69  5:42  Twilight Council  
  70  5:43  Probe  
  70  5:44  Forge  
  70  5:45  Sentry x2  
  70  5:48  Probe  
  76  5:52  Pylon, Probe  
  76  5:53  Probe  
  76  5:54  Pylon  
  76  5:55  Adept  
  80  6:00  Probe  
  80  6:02  Gateway, Probe  
  82  6:04  Gateway  
  82  6:05  Probe  
  82  6:06  Immortal (Chrono Boost)  
  85  6:12  Probe  
  85  6:13  Probe  
  87  6:22  Adept x2  
  87  6:23  Adept  
  87  6:24  Resonating Glaives (Chrono Boost)  
  91  6:29  Gateway  
  85  6:33  Gateway  
  85  6:36  Pylon  
  85  6:38  Pylon  
  85  6:39  Pylon  
  85  6:47  Adept x2  
  89  6:54  Gateway  
  89  6:57  Gateway  
  89  7:02  Adept x2  
  91  7:08  Adept  
  91  7:15  Probe  
  91  7:19  Probe  
  76  7:25  Adept x2, Probe  
  71  7:30  Adept x2  
  71  7:31  Adept  
  71  7:34  Probe  
  71  7:36  Probe x2  
  70  7:47  Adept x2  
  70  7:50  Adept x2  
  70  7:51  Adept x2  
  78  7:53  Adept  
  78  7:54  Probe  
  53  8:15  Adept x6  
  53  8:16  Adept  
  46  8:36  Adept x3  
  46  8:37  Adept x3  
  46  8:39  Adept  
Tags
 
Add a new tag
Caveats
  • Supply blocks, unpowered buildings, or Contaminate may cause inaccurate times.
  • Supply counts are checked every 10 seconds.